 Dungeon Crawl Stone Soup version 0.31-a0-986-g5e6e4ef867 (webtiles) character file.

Game seed: 13785931943239884410

29 DocClef the Insei (level 3, -7/28 HPs)
             Began as a Gnoll Shapeshifter on Nov 5, 2023.
             Mangled by Jessica
             ... wielding a +5 club
              (10 damage)
             ... on level 2 of the Dungeon.
             The game lasted 00:01:35 (578 turns).

DocClef the Insei (Gnoll Shapeshifter)               Turns: 578, Time: 00:01:35

Health: -7/28      AC:  2    Str: 13    XL:     3   Next: 16%
Magic:  3/4        EV: 13    Int:  9    God:
Gold:   38         SH:  0    Dex: 13    Spells: 3/3 levels left

rFire   . .          .
                       - Unarmed
rCold   . . .        (no shield)
rNeg    . . .        a - +0 animal skin
rPois   .            (helmet currently unavailable)
rElec   .            (cloak currently unavailable)
rCorr   .            (gloves currently unavailable)
SInv    .            (boots currently unavailable)
Will    .....        j - amulet of the acrobat
Stlth   +            (no ring)
HPRegen 0.24/turn    (no ring)
MPRegen 0.09/turn

%: acrobat
@: beast-form
A: beast (slay +3), fangs 1, strong nose, distributed training
a: Begin Untransformation


You were on level 2 of the Dungeon.
You were a hulking beast.
You visited 1 branch of the dungeon, and saw 2 of its levels.

You collected 38 gold pieces.

Inventory:

Armour
 a - a +0 animal skin (worn)
Jewellery
 i - an amulet of reflection
 j - an amulet of the acrobat (around neck)
Talismans
 c - a beast talisman (active)
 d - a flux talisman
Scrolls
 k - a scroll of teleportation {unknown}
 l - a scroll of vulnerability {unknown}
Potions
 b - 2 potions of lignification
 e - a potion of brilliance {unknown}
 f - 2 potions of haste {unknown}
 g - a potion of curing {unknown}
 h - a potion of magic {unknown}


   Skills:
 + Level 2.6 Fighting
 + Level 0.7 Short Blades
 + Level 0.7 Long Blades
 + Level 0.7 Axes
 + Level 0.7 Maces & Flails
 + Level 0.7 Polearms
 + Level 0.7 Staves
 + Level 0.7 Ranged Weapons
 + Level 0.7 Throwing
 + Level 0.7 Armour
 + Level 4.5 Dodging
 + Level 0.7 Stealth
 + Level 0.7 Shields
 + Level 6.5 Unarmed Combat
 + Level 0.7 Spellcasting
 + Level 0.5 Conjurations
 + Level 0.5 Hexes
 + Level 0.5 Summonings
 + Level 0.5 Necromancy
 + Level 0.5 Translocations
 + Level 0.5 Transmutations
 + Level 0.5 Fire Magic
 + Level 0.5 Ice Magic
 + Level 0.5 Air Magic
 + Level 0.5 Earth Magic
 + Level 0.5 Poison Magic
 + Level 0.9 Invocations
 + Level 0.7 Evocations
 + Level 6.5 Shapeshifting


You had 3 spell levels left.
You didn't know any spells.
Your spell library was empty.

Dungeon Overview and Level Annotations

Branches:
Dungeon (2/15)

Altars:

Annotations:
D:2 Jessica


Innate Abilities, Weirdness & Mutations

You are a hulking beast.
Your limbs bulge with bestial killing power. (Slay +3)
You have very sharp teeth.
Your uncanny sense of smell can sniff out nearby items.
Your experience applies equally to all skills.


Message History

You are too injured to fight recklessly!
The adder completely misses you.
Jessica mumbles some strange words.
Jessica seems to speed up.
You see here 11 gold pieces.
Jessica looks very angry.
The adder closely misses you.
Found a short sword.
Found an escape hatch in the ceiling.
The adder attacks as it pursues you! The adder closely misses you.
Jessica casts a spell.
Jessica blinks!
You punch the adder! Your punch misses the adder.
The adder is almost dead.
The adder bites you.
You miss the adder.
The adder is almost dead.
The adder barely misses you.
You hit the adder.
You kill the adder!
You have reached level 3!
Your experience leads to an increase in your attributes!
Increase (S)trength, (I)ntelligence, or (D)exterity?
You feel agile. x2
You barely miss the goblin. The goblin completely misses you.
You closely miss the goblin. You hit the goblin.
You kill the goblin!
You hit Jessica.
Jessica is severely wounded.
Jessica hits you with a +5 club.
* * * LOW HITPOINT WARNING * * *
You barely miss Jessica.
Jessica is severely wounded.
Jessica hits you with a +5 club.
* * * LOW HITPOINT WARNING * * *
Unknown command.
You closely miss Jessica.
Jessica is severely wounded.
Jessica hits you with a +5 club!
You die...

######## ......####
.#..##.## ..........
.#.......## ........
......... # .... .#
#......#.####.##.<#
#.....#.#)h@....#
#.........##.####
#######.....#.## #...#
............#.####§>.##
.?..........#..##.....#
..>.........##.##..##..##.
............##.#....##....
......<.#.#....#..........
........#..###.....†#.#.#.


You could see Jessica (fast).

Vanquished Creatures
  An adder (D:2)
  A worm (D:2)
  2 endoplasms
  4 goblins
  A hobgoblin (D:1)
  2 jackals (D:1)
  A ball python (D:1)
  2 bats (D:1)
  5 rats (D:1)
19 creatures vanquished.

Notes
Turn   | Place    | Note
-------+----------+-------------------------------------------
     0 | D:1      | DocClef the Gnoll Shapeshifter began the quest for the Orb.
     0 | D:1      | Reached XP level 1. HP: 17/17 MP: 1/1
   174 | D:1      | Reached XP level 2. HP: 23/23 MP: 2/2
   554 | D:2      | Noticed Jessica
   573 | D:2      | Reached XP level 3. HP: 11/28 MP: 3/3
   578 | D:2      | Mangled by Jessica

Illustrated notes

Levels and vault maps discovered:
D:1:      dpeg_arrival_connections, layout_rooms
D:2:      layout_rooms, serial_glass, glass_columns_c, glass_columns_a,
          basic_altar, hangedman_decor_push, minmay_distorted, uniq_jessica,
          uniq_crazy_yiuf_cottage

Action                     || total
---------------------------++-------
  Melee: Unarmed           ||    50
         Bite              ||     5
         Punch             ||     1
   Stab: Sleeping          ||     1
 Armour: Animal skin       ||    24
  Dodge: Dodged            ||    21
   Form: Beast             ||     1
         Flux              ||     1

Table legend: (Time is in decaauts)
 A = Elapsed time spent in this place.
 B = Non-inter-level travel time spent in this place.
 C = Inter-level travel time spent in this place.
 D = Time resting spent in this place.
 E = Time spent auto-exploring this place.
 F = Levels seen in this place.
 G = Mean time per level.
                   A        B        C        D        E       F      G
               +--------+--------+--------+--------+--------+-----+--------+
         Total |    571 |    564 |      7 |      0 |    436 |   2 |  285.5 |
       Dungeon |    571 |    564 |      7 |      0 |    436 |   2 |  285.5 |
               +--------+--------+--------+--------+--------+-----+--------+

Top non-repeatable levels by time:
     D:1: 531 daAuts
     D:2: 40 daAuts
